 Dungeon Crawl Stone Soup version 0.17.0-24-gcfadda4 (webtiles) character file.

21 oplop the Insei (level 2, 0/18 HPs)
             Began as an Octopode Transmuter on Nov 15, 2015.
             Succumbed to a goblin's poison
             ... on level 2 of the Dungeon.
             The game lasted 00:01:10 (1127 turns).

oplop the Insei (Octopode Transmuter)               Turns: 1127, Time: 00:01:10

Health: 0/18       AC:  1    Str:  9    XL:     2   Next: 87%
Magic:  4/5        EV: 12    Int: 15    God:
Gold:   34         SH:  0    Dex: 12    Spells: 1 memorised, 4 levels left

rFire  . . .     SeeInvis .       - Unarmed
rCold  . . .     Clarity  .     (no shield)
rNeg   . . .     SustAt   .     (helmet restricted)
rPois  .         Gourm    .     (no amulet)
rElec  .         Spirit   .     (no ring)
rCorr  .         Warding  .     (no ring)
rMut   .         Stasis   .     (no ring)
MR     .....                    (no ring)
Stlth  ++........               (no ring)
                                (no ring)
                                (no ring)
                                (no ring)

@: lethally poisoned (0 -> -20), appendage (expiring), not resistant to hostile
enchantments, unstealthy
A: almost no armour, amphibious, 8 rings, constrict 8, tentacle spike 3,
camouflage 1, gelatinous body 1
a: End Transformation


You were on level 2 of the Dungeon.
You were hungry.
One of your tentacles had a temporary spike.
You visited 1 branch of the dungeon, and saw 2 of its levels.

You collected 34 gold pieces.

Inventory:

Missiles
 a - 12 arrows
Scrolls
 d - 2 scrolls of enchant armour {unknown}
 f - a scroll of magic mapping {unknown}
 g - a scroll of teleportation {unknown}
 h - a scroll of amnesia {unknown}
Potions
 e - a potion of mutation {unknown}
Books
 b - a book of Changes

   Spells                             Type                      Level
   a - Beastly Appendage              Transmutation                1
   b - Sticks to Snakes               Transmutation                2
   c - Spider Form                    Transmutation/Poison         3
   d - Ice Form                       Ice/Transmutation            4
   e - Blade Hands                    Transmutation                5
Comestibles
 c - 2 bread rations
 i - a meat ration


   Skills:
 + Level 1.4 Fighting
 - Level 2.0 Dodging
 + Level 3.4 Unarmed Combat
 + Level 2.3 Spellcasting
 + Level 2.1 Transmutations


You had 4 spell levels left.
You knew the following spells:

 Your Spells              Type           Power        Failure   Level  Hunger
a - Beastly Appendage     Trmt           #.....       12%         1    #......


Dungeon Overview and Level Annotations

Branches:
Dungeon (2/15)

Altars:

Annotations:
D:2 Natasha, Robin


Innate Abilities, Weirdness & Mutations

You cannot wear most types of armour.
You are amphibious.
You can wear up to eight rings at the same time.
You can use your tentacles to constrict eight enemies at once.
Your skin changes colour to match your surroundings (Stealth).
Your rubbery body absorbs attacks (AC +1).
One of your tentacles bears a large vicious spike.


Message History

The adder bites you.
* * * LOW HITPOINT WARNING * * *
A hobgoblin comes into view. It is wielding a club.
You are too injured to fight recklessly!
You barely miss the adder.
The hobgoblin shouts!
Your grab misses the adder.
* * * LOW HITPOINT WARNING * * *
You feel sick. Robin throws the goblin at you! The ball python misses you.
The ball python barely misses you.
The goblin hits you with a dagger of venom.
* * * LOW HITPOINT WARNING * * *
You are more poisoned.
The adder misses you.
The hobgoblin moves out of view.
You closely miss the adder.
The kobold shouts!
Your grab misses the adder.
You pierce the adder, but do no damage.
You tentacle-slap the adder, but do no damage.
Your transformation is almost over.
You die...

#. #.#.########...
#. #.#.# .....
#.####.#.####.####..
#.......>......###..
##.$##..............
#..#....####..#####
#..#.#### .# # #gg#.
# #.@#. .. #SS#. #..
#.g#. .... #..#
###.. .gg# #. #..gg
...gK ......


You could see Robin, an adder, a hobgoblin, 6 goblins, a ball python and a
kobold.

Vanquished Creatures
  An ooze (D:1)
  A goblin (D:1)
  5 hobgoblins
  2 kobolds (D:1)
  2 bats (D:1)
  3 jackals (D:1)
  A rat (D:1)
15 creatures vanquished.

Notes
Turn   | Place    | Note
--------------------------------------------------------------
     0 | D:1      | oplop the Octopode Transmuter began the quest for the Orb.
     0 | D:1      | Reached XP level 1. HP: 13/13 MP: 3/3
   187 | D:1      | Reached XP level 2. HP: 4/18 MP: 0/5
  1000 | D:2      | Noticed Robin
  1050 | D:2      | Noticed Natasha
  1127 | D:2      | Succumbed to a goblin's poison

Action                   || total
-------------------------++-------
Melee: Unarmed           ||    32
 Cast: Beastly Appendage ||    14
 Stab: Sleeping          ||     5
